 Dungeon Crawl Stone Soup version 0.17-a0-1078-g243345b (webtiles) character file.

49057 Lugonue the Unseen (level 14, 0/66 HPs)
             Began as a Felid Berserker on May 19, 2015.
             Was the Champion of Trog.
             Slain by an alligator (26 damage)
             ... on level 1 of the Swamp.
             The game lasted 01:56:07 (30413 turns).

Lugonue the Unseen (Felid Berserker)               Turns: 30413, Time: 01:56:07

Health: 0/66       AC: 11    Str: 13    XL:     14   Next: 14%
Magic:  21/21      EV: 32    Int:  9    God:    Trog [******]
Gold:   2479       SH:  0    Dex: 18    Spells: 0 memorised, 13 levels left
                                        Lives:  0   Deaths: 4

rFire  . . .     SeeInvis +       - Unarmed
rCold  + . .     Clarity  +     (armour unavailable)
rNeg   + . .     SustAb   .     (shield unavailable)
rPois  +         Gourm    .     (helmet unavailable)
rElec  .         Spirit   .     (cloak unavailable)
rCorr  .         Warding  .     (gloves unavailable)
rMut   .         Stasis   .     (boots unavailable)
MR     +++++                    y - amulet of the Four Winds {Clar rN+ MR+++}
Stlth  ++++++++..               J - ring of poison resistance
                                m - ring of Robustness {AC+8}

@: regenerating, quick, almost entirely resistant to hostile enchantments,
extraordinarily stealthy
A: no armour, no weapons or thrown items, claws 1, fangs 3, see invisible,
carnivore 3, clumsy 1, speed 1, shaggy fur 3, slow metabolism 1, sharp paws
a: Burn Spellbooks, Berserk, Trog's Hand, Brothers in Arms, Renounce Religion


You were on level 1 of the Swamp.
You worshipped Trog.
Trog was exalted by your worship.
You were very full.

You visited 4 branches of the dungeon, and saw 26 of its levels.
You also visited: Labyrinth and Ice Cave.

You collected 3812 gold pieces.
You spent 1333 gold pieces at shops.

Inventory:

Jewellery
 b - a +4 ring of evasion
 m - the ring of Robustness (left paw) {AC+8}
   (You found it in an ice cave)

   [ring of protection]

   It affects your AC (+8).
 p - an uncursed ring of positive energy
 y - the amulet of the Four Winds (around neck) {Clar rN+ MR+++}
   (You bought it in a shop on level 4 of the Dungeon)

   [amulet of clarity]

   It provides mental clarity.
   It protects you from negative energy.
   It affects your resistance to hostile enchantments.
 A - the ring "Xebakuc" {rC+ Stlth+}
   (You found it in a labyrinth)

   [ring of protection from cold]

   It protects you from cold.
   It makes you more stealthy.
 J - a ring of poison resistance (right paw)
 L - an uncursed ring of invisibility
 M - an uncursed amulet of resist corrosion
 R - an uncursed ring of magical power
 U - an uncursed ring of sustain abilities
Magical devices
 d - a wand of draining (1)
 j - a wand of fire (5)
 s - a wand of confusion (38)
 w - a wand of disintegration (0)
 x - a wand of disintegration (10)
 E - a wand of teleportation (3)
 Q - a wand of disintegration (11)
 T - a wand of polymorph (9)
 V - a wand of heal wounds (0)
 X - a wand of fireball (10)
Scrolls
 c - 3 scrolls of magic mapping
 h - 5 scrolls of teleportation
 i - 3 scrolls of fear
 o - 14 scrolls of remove curse
 z - a scroll of immolation
 B - 3 scrolls of blinking
 K - a scroll of silence
 O - 2 scrolls of fog
Potions
 e - 17 potions of curing
 f - 2 potions of heal wounds
 k - 3 potions of flight
 l - 2 potions of ambrosia
 n - 6 potions of agility
 r - 2 potions of might
 t - 3 potions of resistance
 u - 2 potions of berserk rage
 v - 3 potions of haste
 C - a potion of brilliance
 G - 2 potions of cancellation
 I - a potion of magic {unknown}
 S - a potion of mutation {unknown}
Books
 g - a book of Death

   Spells                             Type                      Level
   a - Corpse Rot                     Necromancy                   2
   b - Sublimation of Blood           Necromancy                   2
   c - Agony                          Necromancy                   5
   d - Dispel Undead                  Necromancy                   5
   e - Excruciating Wounds            Charms/Necromancy            5
   f - Bolt of Draining               Conjuration/Necromancy       5
   Trog disapproves of the use of such an item.
 D - a book of Beasts

   Spells                             Type                      Level
   a - Summon Butterflies             Summoning                    1
   b - Call Canine Familiar           Summoning                    3
   c - Summon Ice Beast               Ice/Summoning                4
   d - Summon Mana Viper              Hexes/Summoning              5
   e - Summon Hydra                   Summoning                    7
   Trog disapproves of the use of such an item.
 F - a book of Cantrips

   Spells                             Type                      Level
   a - Corona                         Hexes                        1
   b - Animate Skeleton               Necromancy                   1
   c - Summon Small Mammal            Summoning                    1
   d - Apportation                    Translocation                1
   Trog disapproves of the use of such an item.
 H - a book of Clouds

   Spells                             Type                      Level
   a - Mephitic Cloud                 Conjuration/Poison/Air       3
   b - Conjure Flame                  Conjuration/Fire             3
   c - Poisonous Cloud                Conjuration/Poison/Air       6
   d - Freezing Cloud                 Conjuration/Ice/Air          6
   e - Ring of Flames                 Charms/Fire                  7
   Trog disapproves of the use of such an item.
 N - a book of Minor Magic

   Spells                             Type                      Level
   a - Magic Dart                     Conjuration                  1
   b - Blink                          Translocation                2
   c - Call Imp                       Summoning                    2
   d - Repel Missiles                 Charms/Air                   2
   e - Slow                           Hexes                        2
   f - Conjure Flame                  Conjuration/Fire             3
   g - Mephitic Cloud                 Conjuration/Poison/Air       3
   Trog disapproves of the use of such an item.
 P - a book of Flames

   Spells                             Type                      Level
   a - Flame Tongue                   Conjuration/Fire             1
   b - Throw Flame                    Conjuration/Fire             2
   c - Conjure Flame                  Conjuration/Fire             3
   d - Inner Flame                    Hexes/Fire                   3
   e - Sticky Flame                   Conjuration/Fire             4
   f - Fireball                       Conjuration/Fire             5
   Trog disapproves of the use of such an item.
Comestibles
 a - 14 meat rations
 q - a beef jerky


   Skills:
 * Level 10.5 Fighting
 + Level 16.2 Dodging
 + Level 16.8 Stealth
 * Level 16.2 Unarmed Combat
 * Level 9.1 Evocations


You had 13 spell levels left.
You didn't know any spells.

Dungeon Overview and Level Annotations

Branches:
Dungeon (13/15)            Temple (0/1) D:5            Lair (8/8) D:10
  Swamp (1/4) Lair:6        Snake (0/4) Lair:5          Orc (4/4) D:11
    Elf (0/3) Orc:4        Vaults (0/5) D:13
  Slime: Lair:6-8

Altars:
Ashenzari
Cheibriados
Fedhas
Gozag
Makhleb
Nemelex Xobeh
Qazlal
Ru
Sif Muna
Trog
Vehumet
Xom
Yredelemnul
Zin
Beogh

Shops:
D:4 *   D:11 !   D:12 %   Orc:1 :   Orc:2 [   Orc:4 =[*(

Annotations:
D:13 Sonja
Swamp:1 exclusion: thorn hunter


Innate Abilities, Weirdness & Mutations

You cannot wear armour.
You are incapable of wielding weapons or throwing items.
You have sharp claws.
You have razor-sharp teeth.
You have supernaturally acute eyesight.
You are carnivorous and can eat meat at any time.
You cover ground quickly.
Your thick and shaggy fur keeps you warm (AC +3, rC+).
You have a slow metabolism.
Your sharp claws are effective at attacking unaware monsters.
You are clumsy. (Dex -2)


Message History

Use which ability? (? or * to list)
Your skin crawls.
You feel resistant to hostile enchantments.
You feel slightly less full.
Your troll bites the alligator.
Your troll claws the alligator! x2
The alligator completely misses you.
The alligator tail-slaps you but does no damage.
The alligator bites your troll! The alligator barely misses your troll.
The alligator closely misses you. The alligator completely misses you.
Your troll bites the alligator.
Your troll claws the alligator but does no damage.
Your troll claws the alligator!
The alligator bites your troll!!
Your troll dies!
Your troll's corpse disappears in a puff of smoke!
You claw the alligator!
The alligator is severely wounded.
You claw the alligator!
The alligator is almost dead.
The alligator bites you!!
You die...

♣.≈.†.##.....##.....≈≈♣..
♣♣♣♣..#...#...#.........≈
♣♣..'..#.#..#)........≈
♣♣...#...#...#†...♣♣♣♣.≈ ♣♣
♣....##..÷..##....≈♣ ♣..
..♣♣♣P≈..##...##.)≈≈..♣♣...
..≈..≈≈..###.#..≈≈..≈♣♣...
♣♣..≈≈.......†!≈≈.♣♣♣♣≈..≈
♣♣≈.....@....≈≈≈.♣ ≈≈≈≈
♣♣..≈≈≈≈t.≈♣≈.≈≈≈♣ ≈≈≈
♣≈.≈≈≈≈.t§♣♣♣.§≈.♣ ≈≈
♣♣.≈≈....♣♣ ♣♣...♣
♣≈.......♣♣♣ ...♣♣
♣≈≈♣♣..≈≈.♣≈♣ ≈≈♣
♣♣♣♣♣♣..≈≈≈.>.♣♣
♣♣≈.♣♣♣♣≈...≈≈.≈♣♣≈
♣≈.≈.♣♣♣♣..≈≈≈...t..♣


You could see 2 alligators.

Vanquished Creatures
  Gastronok (Lair:3)
  Maud (Lair:8)
  The ghost of EvolofMND the Brawler, a powerful TrHu of Qazlal (Lair:2)
  Josephine (Lair:6)
  A minotaur (Lab)
  2 ice dragons (IceCv)
  10 hydras
  2 centaur warriors
  A death yak (Lair:6)
  2 alligators (Swamp:1)
  An orc high priest (Orc:4)
  Urug (Orc:4)
  The ghost of Charly the Destroyer, an experienced DEIE of Sif Muna (D:11)
  7 hill giants
  A swamp dragon (Swamp:1)
  2 ice statues (IceCv)
  3 orc knights
  3 orc sorcerers
  2 griffons
  5 ugly things
  A hornet (shapeshifter) (D:12)
  7 black mambas
  A centaur zombie (D:11)
  8 spiny frogs
  4 elephants (Lair:7)
  A torpor snail (Lair:6)
  A cyclops (D:11)
  A gargoyle (D:12)
  8 komodo dragons
  4 fire drakes
  A spriggan druid (Lair:8)
  A two-headed ogre (Orc:4)
  A troll (Orc:4)
  A merfolk (D:9)
  5 giant leeches
  A blue devil (Orc:4)
  2 polar bears
  9 slime creatures
  3 wraiths (Lair:6)
  56 yaks
  16 blink frogs
  3 wyverns
  4 spriggans (Lair:8)
  A shadow (D:12)
  A redback (Lair:8)
  5 hippogriffs
  6 basilisks
  4 vampire mosquitoes (D:12)
  8 water moccasins
  32 wolves
  A hungry ghost (D:9)
  5 wargs
  A steam dragon (D:13)
  2 swamp worms (Lair:6)
  A soldier ant (D:11)
  6 porcupines
  A swamp drake (Swamp:1)
  25 ice beasts
  3 phantoms
  6 sky beasts
  27 orc warriors
  3 black bears
  10 centaurs
  6 ogres
  13 crocodiles
  4 big kobolds
  A brain worm (D:10)
  17 giant frogs
  A wyvern skeleton (D:12)
  6 scorpions
  18 killer bees
  3 electric eels
  2 crimson imps
  2 hounds
  22 orc priests
  22 orc wizards
  3 jellies
  6 giant frog skeletons
  3 giant frog zombies
  3 centaur skeletons
  5 iguanas
  An iron imp (D:8)
  2 hell rats (Lair:2)
  6 worker ants
  13 sheep (Lair:5)
  5 hound zombies
  A worker ant zombie (D:7)
  12 adders
  74 river rats
  2 shadow imps
  3 adder skeletons
  134 orcs
  A bat skeleton (D:8)
  7 giant cockroaches
  18 hobgoblins
  7 quokkas
  18 bats
  2 giant geckos
  A giant gecko skeleton (D:4)
  6 giant newts
  21 goblins
  17 jackals
  A jackal skeleton (D:7)
  35 kobolds
  A quokka skeleton (D:4)
  23 rats
883 creatures vanquished.

Vanquished Creatures (collateral kills)
  Saint Roka (Orc:4)
  The ghost of VikTorMgn the Quickloader, an experienced KoHu of Okawaru (D:8)
  3 polar bears (Lair:8)
  2 redbacks (Lair:8)
  10 spriggans (Lair:8)
  A warg (Orc:4)
  10 wolves
  3 wasps (Lair:8)
  A black bear (Lair:8)
  An orc wizard (Orc:4)
33 creatures vanquished.

Vanquished Creatures (others)
  2 trolls
  2 two-headed ogres
  An orc warrior (Orc:4)
  A black bear (Lair:6)
  An ogre (D:8)
  An orc priest (Orc:4)
  6 orcs
  A goblin (Orc:4)
  2 fungi (Lair:5)
  A plant (Lair:2)
18 creatures vanquished.

Grand Total: 934 creatures vanquished

Notes
Turn   | Place    | Note
--------------------------------------------------------------
     0 | D:1      | Lugonue the Felid Berserker began the quest for the Orb.
     0 | D:1      | Reached XP level 1. HP: 10/10 MP: 2/2
   359 | D:1      | Reached XP level 2. HP: 8/14 MP: 3/3
  1445 | D:2      | Acquired Trog's second power
  1543 | D:2      | Reached skill level 1 in Stealth
  1544 | D:2      | Reached XP level 3. HP: 14/17 MP: 4/4
  2107 | D:3      | Reached XP level 4. HP: 16/21 MP: 5/5
  2148 | D:3      | Found a deep blue altar of Sif Muna.
  2369 | D:4      | Reached skill level 5 in Dodging
  2473 | D:4      | Noticed a phantom
  2584 | D:4      | Slain by an orc
  2585 | D:4      | Reached XP level 3. HP: -4/17 MP: 4/4
  2694 | D:4      | Reached XP level 4. HP: 16/21 MP: 5/5
  3042 | D:4      | Found Popehah's General Store.
  3098 | D:4      | Killed a phantom
  3098 | D:4      | Reached skill level 6 in Dodging
  3098 | D:4      | Reached skill level 5 in Unarmed Combat
  3098 | D:4      | Reached XP level 5. HP: 19/24 MP: 6/6
  3373 | D:4      | Gained mutation: You are covered in thick fur (AC +2). [Felid growth]
  3373 | D:4      | Reached XP level 6. HP: 28/28 MP: 7/7
  3708 | D:5      | Entered Level 5 of the Dungeon
  3740 | D:5      | Found a shimmering altar of Xom.
  4100 | D:5      | Reached skill level 7 in Dodging
  4403 | D:5      | Reached XP level 7. HP: 31/31 MP: 8/8
  4422 | D:5      | Found a staircase to the Ecumenical Temple.
  5166 | D:6      | Found a sparkling altar of Nemelex Xobeh.
  5450 | D:6      | Reached skill level 8 in Dodging
  5921 | D:6      | Found a glowing silver altar of Zin.
  5922 | D:6      | Found an opulent altar of Gozag.
  6133 | D:7      | Found a snail-covered altar of Cheibriados.
  6370 | D:7      | Reached skill level 5 in Stealth
  6381 | D:7      | Reached XP level 8. HP: 25/34 MP: 9/9
  6600 | D:7      | Acquired Trog's third power
  7037 | D:7      | Reached skill level 9 in Dodging
  7373 | D:7      | Reached XP level 9. HP: 31/37 MP: 10/10
  7666 | D:4      | Bought the amulet of the Four Winds {Clar rN+ MR+++} for 466 gold pieces
  7797 | D:8      | Noticed VikTorMgn's ghost (experienced KoHu)
  7813 | D:8      | Found a burning altar of Makhleb.
  8034 | D:8      | Killed VikTorMgn's ghost
  8369 | D:8      | Found a sacrificial altar of Ru.
  8389 | D:8      | Reached skill level 10 in Dodging
  9440 | D:9      | Reached skill level 10 in Unarmed Combat
  9462 | D:9      | Reached skill level 11 in Dodging
  9475 | D:9      | Reached XP level 10. HP: 33/42 MP: 11/11
 10393 | D:9      | Found a blossoming altar of Fedhas.
 10393 | D:9      | Found a shattered altar of Ashenzari.
 10393 | D:9      | Found a stormy altar of Qazlal.
 10393 | D:9      | Found a radiant altar of Vehumet.
 10400 | D:9      | Found a basalt altar of Yredelemnul.
 10404 | D:9      | Found a bloodstained altar of Trog.
 10460 | D:10     | Entered Level 10 of the Dungeon
 10490 | D:10     | Found a staircase to the Lair.
 10666 | D:10     | Hit by a stone thrown by an orc warrior
 10667 | D:10     | Reached XP level 9. HP: -10/39 MP: 10/10
 11196 | D:10     | Noticed a centaur warrior
 11348 | D:10     | HP: 1/39 [centaur warrior/trident (14)]
 11351 | D:10     | Killed a centaur warrior
 11351 | D:10     | Reached skill level 12 in Dodging
 11351 | D:10     | Reached skill level 1 in Evocations
 11667 | D:10     | Noticed a hill giant
 11681 | D:10     | Killed a hill giant
 11681 | D:10     | Reached skill level 10 in Stealth
 11681 | D:10     | Reached XP level 10. HP: 30/43 MP: 10/12
 12226 | Lair:1   | Entered Level 1 of the Lair of Beasts
 12307 | Lair:1   | Noticed a seven-headed hydra
 12311 | Lair:1   | Killed a seven-headed hydra
 12311 | Lair:1   | Reached skill level 5 in Fighting
 12787 | Lair:2   | Noticed EvolofMND's ghost (powerful TrHu)
 12890 | Lair:2   | Found a labyrinth entrance.
 12896 | Lab      | Entered a labyrinth
 14150 | Lab      | Noticed a minotaur
 14153 | Lab      | Killed a minotaur
 14155 | Lab      | Got a warped jade ring
 14157 | Lab      | Identified the ring "Xebakuc" {rC+ Stlth+} (You found it in a labyrinth)
 14496 | Lair:2   | Killed EvolofMND's ghost
 14496 | Lair:2   | Reached XP level 11. HP: 27/48 MP: 13/13
 14799 | Lair:2   | Noticed a black mamba
 14805 | Lair:2   | Killed a black mamba
 14809 | Lair:2   | Noticed a seven-headed hydra
 14843 | Lair:2   | Killed a seven-headed hydra
 15788 | Lair:3   | Noticed Gastronok
 15808 | Lair:3   | Reached skill level 13 in Dodging
 15879 | Lair:3   | Slain by a basilisk
 15880 | Lair:3   | Reached XP level 10. HP: -4/45 MP: 12/12
 16543 | Lair:3   | Killed Gastronok
 16706 | Lair:4   | Reached XP level 11. HP: 29/48 MP: 10/14
 18433 | Lair:5   | Noticed a four-headed hydra
 18440 | Lair:5   | Killed a four-headed hydra
 18610 | Lair:5   | Found a staircase to the Snake Pit.
 19021 | Lair:6   | Found a staircase to the Swamp.
 19048 | Lair:6   | Found a frozen archway.
 19088 | Lair:6   | Reached skill level 14 in Dodging
 19099 | IceCv    | Entered an ice cave
 19124 | IceCv    | Gained mutation: Your thick and shaggy fur keeps you warm (AC +3, rC+). [Felid growth]
 19124 | IceCv    | Reached XP level 12. HP: 30/54 MP: 14/16
 19237 | IceCv    | Noticed an ice statue
 19252 | IceCv    | Noticed an ice statue
 19415 | IceCv    | Killed an ice statue
 19415 | IceCv    | Reached skill level 5 in Evocations
 19462 | IceCv    | Killed an ice statue
 19529 | IceCv    | Noticed an ice dragon
 19532 | IceCv    | Noticed an ice dragon
 19541 | IceCv    | Killed an ice dragon
 19544 | IceCv    | Killed an ice dragon
 19862 | Lair:6   | Noticed Josephine
 19876 | Lair:6   | Killed Josephine
 19913 | Lair:6   | Noticed a death yak
 20166 | Lair:6   | Found a sacrificial altar of Ru.
 20170 | Lair:6   | Killed a death yak
 21107 | Lair:7   | Reached XP level 13. HP: 49/58 MP: 18/18
 21471 | Lair:7   | Noticed a five-headed hydra
 21547 | Lair:7   | Killed a five-headed hydra
 21560 | Lair:8   | Entered Level 8 of the Lair of Beasts
 21588 | Lair:8   | Noticed Maud
 21692 | Lair:8   | Killed Maud
 21908 | Lair:8   | Reached skill level 15 in Stealth
 22086 | Lair:8   | Reached skill level 15 in Dodging
 22232 | Lair:8   | Reached skill level 15 in Unarmed Combat
 23717 | D:11     | Reached XP level 14. HP: 64/64 MP: 20/20
 23764 | D:11     | Found a blossoming altar of Fedhas.
 23811 | D:11     | Found Cityesac's Distillery.
 23893 | D:11     | Bought a potion of agility for 56 gold pieces
 23893 | D:11     | Bought a potion of agility for 56 gold pieces
 23893 | D:11     | Bought a potion of resistance for 140 gold pieces
 23893 | D:11     | Bought 3 potions of curing for 126 gold pieces
 23893 | D:11     | Bought a potion of haste for 140 gold pieces
 23893 | D:11     | Bought a potion of curing for 42 gold pieces
 23893 | D:11     | Bought a potion of cancellation for 112 gold pieces
 23893 | D:11     | Bought a potion of haste for 140 gold pieces
 24143 | D:11     | Noticed Charly's ghost (experienced DEIE)
 24164 | D:11     | Killed Charly's ghost
 24550 | D:11     | Found a staircase to the Orcish Mines.
 24657 | D:11     | Reached skill level 16 in Stealth
 25099 | D:12     | Found Ojufo's Food Shop.
 26129 | D:13     | Reached skill level 10 in Fighting
 26281 | D:13     | Identified the Compendium of Damage Dealing (You found it on level 13 of the Dungeon)
 26323 | D:13     | Found a gate to the Vaults.
 26323 | D:13     | Noticed Sonja
 26558 | Orc:1    | Entered Level 1 of the Orcish Mines
 26623 | Orc:1    | Found Cieh's Book Emporium.
 26686 | Orc:2    | Found Xuetsiaps's Antique Armour Shoppe.
 27850 | Orc:4    | Entered Level 4 of the Orcish Mines
 28086 | Orc:3    | Gained mutation: You are clumsy. (Dex -2) [mutagenic glow]
 28461 | Orc:4    | Noticed Urug
 28464 | Orc:4    | Noticed Saint Roka
 28492 | Orc:4    | Killed Saint Roka
 28497 | Orc:4    | Mangled by a hill giant
 28498 | Orc:4    | Reached XP level 13. HP: -10/61 MP: 20/20
 28648 | Orc:4    | Found a roughly hewn altar of Beogh.
 29245 | Orc:4    | Killed Urug
 29297 | Orc:4    | Found Femmeaff's General Store.
 29301 | Orc:4    | Found Feafudusung's Jewellery Shop.
 29334 | Orc:4    | Bought a scroll of identify for 22 gold pieces
 29334 | Orc:4    | Bought a scroll of remove curse for 33 gold pieces
 29348 | Orc:4    | Found Xucath's Antique Armour Shop.
 29364 | Orc:4    | Found Omaytais's Antique Weapon Shop.
 29503 | Orc:4    | Found a staircase to the Elven Halls.
 30040 | Swamp:1  | Entered Level 1 of the Swamp
 30092 | Swamp:1  | Reached XP level 14. HP: 66/66 MP: 21/21
 30352 | Swamp:1  | Noticed a thorn hunter
 30413 | Swamp:1  | Slain by an alligator

Vault maps used:
D:1:      matt_arrival_grand_opening, grunt_decor_cap, minmay_misc_feat_pillars
D:2:      serial_forest, infiniplex_forest_straight_3,
          infiniplex_forest_clump_medium, infiniplex_forest_end_2,
          infiniplex_forest_clump_tiny, infiniplex_forest_lined_2,
          infiniplex_forest_clump_small, infiniplex_forest_end_1,
          infiniplex_forest_end_3
D:3:      overflow_temple_1_default, minmay_strange_pillars, hex_intersection
D:4:      first_bread, serial_shops, nicolae_shop_temple_entry_statues_fountains
D:5:      nicolae_overflow_hidden_temple, minmay_temple_entry_glass,
          minmay_misc_feat_iff
D:6:      grunt_temple_overflow_gold_and_silver,
          nemelex_xobeh_ov_fountains_minmay
D:7:      basic_altar
D:8:      lemuel_crystal_altar, makhleb_grotto_becter
D:9:      minmay_overflow_temple_hex, hangedman_fish_farm
D:10:     lair_0_dummy
D:11:     erik_orc_2, serial_shops, nicolae_shop_statue_plus,
          minmay_misc_feat_more_columns, minmay_bad_closet,
          fedhas_bush_and_centaur_altar
D:12:     serial_shops, shop, minmay_misc_feat_chi, st_stairs_12
D:13:     lightli_vaults_fourway_checkpoint, minmay_orc_keep, uniq_sonja
Lair:1:   grunt_megastairs_4, lemuel_fruit_tree
Lair:2:   kennysheep_abandoned_house, lab_entry_generic, bh_autumn_forest_stairs
Lair:3:   st_stairs_9, minivault_26, uniq_gastronok
Lair:4:   small_statue_intersection, nicolae_quartered_pool_super
Lair:5:   dummy_snake_entry, serial_bayou_shore_a, serial_bayou_shore_b
Lair:6:   minmay_swamp_entry_worms, basic_altar,
          portal_ice_cave_entry_ice_beasts, uniq_josephine
Lair:7:   slime_altar_1
Lair:8:   minmay_lair_end_enchanted_forest, minivault_24,
          minmay_lair_drake_nest, grunt_megastairs_3, uniq_maud
Swamp:1:  evilmike_swamp_ruin_house_3, swamp_pool1, infiniplex_staircase_pool
Orc:1:    serial_shops, shop, uniq_nergalle, uniq_fannar
Orc:2:    serial_shops, shop_fountains
Orc:3:    nicolae_orc_pool_cavern
Orc:4:    grunt_orc_cross, mines5_lemuel
IceCv:    ice_cave_small_dragons

Action                   |  1- 3 |  4- 6 |  7- 9 | 10-12 | 13-15 || total
-------------------------+-------+-------+-------+-------+-------++-------
Melee: Unarmed           |   147 |   147 |   445 |   807 |  1012 ||  2558
Invok: Trog's Hand       |     2 |     5 |     8 |    19 |     6 ||    40
       Berserk           |       |     1 |     2 |     6 |     5 ||    14
       Brothers in Arms  |       |       |     1 |     4 |     5 ||    10
 Abil: Evoke Invisibilit |       |       |       |    13 |    25 ||    38
Evoke: Wand              |       |       |     2 |    17 |    14 ||    33
  Use: Scroll            |       |    13 |     5 |    21 |     9 ||    48
       Potion            |       |       |       |     1 |     1 ||     2
 Stab: Sleeping          |     8 |     8 |    23 |    75 |    55 ||   169
       Distracted        |       |     1 |     7 |     4 |     6 ||    18
       Invisible         |       |       |       |    32 |    74 ||   106
       Confused          |       |       |       |     1 |     1 ||     2
  Eat: Chunk             |     9 |     4 |    11 |    39 |    35 ||    98
       Beef jerky        |     1 |     1 |       |       |     2 ||     4
       Pizza             |       |     1 |       |     5 |     1 ||     7
       Royal jelly       |       |       |       |       |     1 ||     1
